 Dungeon Crawl Stone Soup version 0.31.0-12-g77e489cdc1 (webtiles) character file.

Game seed: 3291970696055102265

514 Goblin1989 the Cudgeller (level 7, 0/52 HPs)
             Began as a Demonspawn Delver on Feb 17, 2024.
             Was a Believer of Wu Jian.
             Slain by a gnoll
             ... wielding a +0 whip
              (1 damage)
             ... on level 5 of the Dungeon.
             The game lasted 00:11:57 (3859 turns).

Goblin1989 the Cudgeller (Demonspawn Delver)        Turns: 3859, Time: 00:11:57

Health: 0/52       AC:  5    Str: 14    XL:     7   Next: 0%
Magic:  0/7        EV: 16    Int: 11    God:    Wu Jian [**....]
Gold:   103        SH:  0    Dex: 14    Spells: 6/6 levels left

rFire   . . .        a - +0 mace (heavy)
rCold   . . .        (no shield)
rNeg    . . .        q - +0 ring mail
rPois   .            (no helmet)
rElec   .            (no cloak)
rCorr   .            (no gloves)
SInv    .            (no boots)
Will    .....        (no amulet)
Stlth   +            s - +5 ring of evasion
HPRegen 0.28/turn    (no ring)
MPRegen 0.20/turn

%: guardian spirit
@: silenced
A: hooves 1, powered by pain 1, magic shield, magic regeneration, magic link
a: Renounce Religion, Wall Jump


You were on level 5 of the Dungeon.
You worshipped Wu Jian.
Wu Jian was pleased with you.
You visited 2 branches of the dungeon, and saw 6 of its levels.

You collected 103 gold pieces.

Inventory:

Hand Weapons
 a - a +0 heavy mace (weapon)
 y - a +0 flail
Missiles
 j - 11 poisoned darts (quivered)
Armour
 b - a +0 leather armour
 q - a +0 ring mail (worn)
 z - a +0 chain mail
Jewellery
 s - a +5 ring of evasion (left hand)
 A - a ring of resist corrosion
Wands
 g - a wand of digging (3) {@v3}
Scrolls
 c - 4 scrolls of fog
 d - a scroll of revelation
 k - 2 scrolls of identify {@r1}
 m - 2 scrolls of amnesia
 t - a scroll of enchant weapon {unknown}
 v - a scroll of blinking {unknown}
 w - a scroll of poison {unknown}
Potions
 l - a potion of degeneration
 o - a potion of invisibility
 x - a potion of enlightenment {unknown}
 B - a potion of heal wounds {@q2}


   Skills:
 + Level 3.1 Fighting
 * Level 6.8 Maces & Flails
 + Level 0.4 Armour
 + Level 2.0 Dodging
 - Level 4.5 Stealth


You had 6 spell levels left.
You didn't know any spells.
Your spell library contained the following spells:

 Spells                   Type           Power      Damage    Failure   Level
 Kiss of Death            Conj/Necr      0%         2d5       58%         1
 Magic Dart               Conj           0%         1d3       58%         1
 Blink                    Tloc           0%         N/A       73%         2
 Call Imp                 Summ           0%         N/A       73%         2
 Ensorcelled Hibernation  Hex/Ice        0%         N/A       73%         2
 Confusing Touch          Hex            0%         N/A       91%         3
 Fugue of the Fallen      Necr           0%         N/A       91%         3
 Gell's Gravitas          Tloc           0%         N/A       91%         3
 Teleport Other           Tloc           0%         N/A       91%         3
 Anguish                  Hex/Necr       0%         N/A       100%        4
 Dispel Undead            Necr           0%         3d6       100%        4
 Dispersal                Tloc           0%         N/A       100%        6


Dungeon Overview and Level Annotations

Branches:
Dungeon (5/15) Zot: 23305  Temple (1/1) D:4 Zot: 5966

Altars:
Ashenzari
Cheibriados
Dithmenos
Hepliaklqana
Nemelex Xobeh
Qazlal
Sif Muna
Trog
Uskayaw
Vehumet
Wu Jian
Xom
Yredelemnul

Shops:
D:4 :


Innate Abilities, Weirdness & Mutations

You have large cloven feet.
You sometimes gain a little power by taking damage.
When hurt, damage is shared between your health and your magic reserves.
You regenerate magic rapidly.
When low on magic, you restore magic in place of health.


Message History

The gnoll attacks as it pursues you! The gnoll misses you.
The orc wizard attacks as it pursues you!
The orc wizard closely misses you.
The orc wizard mumbles some strange words.
The orc wizard flickers and vanishes!
Deactivating autopickup; reactivate with Ctrl-A.
The iguana hisses angrily.
You are confused.
You bump into the rock wall.
The gnoll barely misses you. The adder attacks as it pursues you!
The adder barely misses you. The adder closely misses you.
The gnoll attacks as it pursues you! The gnoll hits you but does no damage.
You feel less confused. The adder attacks as it pursues you!
The adder misses you. The iguana barely misses you. The gnoll misses you.
The adder bites you.
You take 2 damage, and have 45/47 hp.
You hit the iguana. Your kick misses the iguana.
The iguana is moderately wounded.
The iguana bites you. The adder bites you. The gnoll misses you.
The iguana bites you. The iguana misses you.
The gnoll hits you with a +0 flail. The adder completely misses you.
You take 4 damage, and have 41/47 hp.
You now have 5/6 mp.
Unknown command.
You spin and attack the iguana.
You barely miss the iguana. The iguana bites you!
You take 10 damage, and have 31/47 hp.
MASSIVE DAMAGE!!
You now have 4/6 mp.
The adder barely misses you.
You hit the adder. You kick the adder, but do no damage.
The adder is moderately wounded.
The adder closely misses you. The adder barely misses you.
You closely miss the adder. Your kick misses the adder.
The adder is moderately wounded.
The adder barely misses you. The adder closely misses you.
You sock the adder!
You kill the adder!
The Council accepts your kill.
Your Dodging skill increases to level 2!
You have reached level 7!
Your demonic ancestry asserts itself...
You feel your life force and your magical essence meld.
You regained 4 hp, and now have 36/52 hp.
You closely miss the gnoll. The gnoll hits you with a +0 flail!
You take 7 damage, and have 31/52 hp.
You barely miss the gnoll. You kick the gnoll.
The gnoll is moderately wounded.
The gnoll closely misses you. The iguana barely misses you.
The gnoll closely misses you.
Aiming: Wall Jump
Press: ? - help, Dir - move target The iguana bites you!
You take 6 damage, and have 26/52 hp.
You now have 5/7 mp.
The iguana attacks as it pursues you! The iguana closely misses you.
You hear some strange, mumbled words.
You are confused.
You closely miss the iguana. You kick the iguana, but do no damage.
The iguana closely misses you. Something hits you but does no damage.
The iguana closely misses you.
MP restored: 7 You completely miss something.
Your kick misses something. Something hits you.
The gnoll hits you from afar with a +0 halberd!
* * * LOW HITPOINT WARNING * * *
The iguana misses you.
You take 9 damage, and have 18/52 hp.
You now have 5/7 mp.
You feel better.
You hear some strange, mumbled words.
A magic dart appears from out of thin air!
The magic dart hits you.
The gnoll hits you from afar with a +0 halberd!
* * * LOW HITPOINT WARNING * * *
The iguana bites you!
* * * LOW HITPOINT WARNING * * *
The gnoll hits you with a +0 whip.
* * * LOW HITPOINT WARNING * * *
You take 8 damage, and have 10/52 hp.
You now have 1/7 mp.
A magic dart appears from out of thin air!
The magic dart hits you.
* * * LOW HITPOINT WARNING * * *
You take 3 damage, and have 7/52 hp.
As you read the scroll labelled AKLOSO XANEIF, it crumbles to dust.
It is a scroll of identify.
m - 2 scrolls of amnesia The iguana bites you!
* * * LOW HITPOINT WARNING * * *
You take 6 damage, and have 1/52 hp.
You now have 0/7 mp.
Okay, then.
As you read the scroll labelled ZURESO LOLYOK, it crumbles to dust.
A profound silence engulfs you.
It was a scroll of silence.
Something hits you but does no damage. The gnoll closely misses you.
The iguana bites you but does no damage.
An orc wizard appears from thin air!
Reactivating autopickup.
The gnoll attacks as it pursues you! The gnoll hits you with a +0 whip.
The orc wizard barely misses you.
You now have 0/7 mp.
The gnoll attacks as it pursues you! The gnoll misses you.
Aiming: Wall Jump
Press: ? - help, Dir - move target You regained 2 mp, and now have 3/7 mp.
The gnoll attacks as it pursues you! The gnoll hits you with a +0 whip.
You die...

.............. ..
.............. █.
.............. ███.
.............. █...
██.█....█.█.. ...██
█.██..██████ █ ...█
█.....██
███.██.████lg....██ █
█....@g.█...g.g...████
███.██..lo██████......
█ ████.██ █.......
█....████......
██......██.....█
█............)..
..██............
..██.█...██.....
......██..██.....


You could see an iguana, an orc wizard and a gnoll.

Vanquished Creatures
  A scorpion (D:4)
  A howler monkey (D:4)
  An orc priest (D:4)
  2 jellies
  A sleepcap (D:4)
  3 human skeletons (D:4)
  An orc wizard (D:5)
  An iguana (D:4)
  5 adders
  3 ribbon worms
  7 dart slugs
  6 orcs
  13 endoplasms
  4 giant cockroaches
  7 goblins
  6 hobgoblins
  4 jackals (D:3)
  8 kobolds
  8 quokkas
  8 ball pythons
  3 bats
  A frilled lizard (D:3)
  3 orc skeletons (D:4)
  7 rats
104 creatures vanquished.

Notes
Turn   | Place    | Note
-------+----------+-------------------------------------------
     0 | D:5      | Goblin1989 the Demonspawn Delver began the quest for the
                  | Orb.
     0 | D:5      | Reached XP level 1. HP: 18/18 MP: 1/1
    20 | D:4      | Found a staircase to the Ecumenical Temple.
    26 | Temple   | Entered the Ecumenical Temple
    45 | Temple   | Became a worshipper of the Wu Jian Council
    61 | D:4      | Noticed a jelly
    83 | D:4      | Noticed a scorpion
    92 | D:4      | Noticed an iguana
    97 | D:4      | Found Galempel's Book Shop.
   112 | D:3      | Reached skill level 2 in Maces & Flails
   269 | D:2      | Gained mutation: You regenerate magic rapidly. [demonic
                  | ancestry]
   269 | D:2      | Reached XP level 2. HP: 24/24 MP: 2/2
   533 | D:1      | Reached skill level 3 in Maces & Flails
   670 | D:1      | Gained mutation: When hurt, damage is shared between your
                  | health and your magic reserves. [demonic ancestry]
   670 | D:1      | Reached XP level 3. HP: 29/29 MP: 3/3
   763 | D:1      | Reached * piety under Wu Jian
  1313 | D:2      | Found a faded altar of an unknown god.
  1769 | D:3      | Reached skill level 4 in Maces & Flails
  1769 | D:3      | Gained mutation: You sometimes gain a little power by
                  | taking damage. [demonic ancestry]
  1769 | D:3      | Reached XP level 4. HP: 23/35 MP: 4/4
  2196 | D:3      | Reached ** piety under Wu Jian
  2488 | D:4      | Killed a scorpion
  2489 | D:4      | Reached skill level 5 in Maces & Flails
  2489 | D:4      | Reached XP level 5. HP: 19/41 MP: 5/5
  2662 | D:4      | Gained mutation: You have large cloven feet. [demonic
                  | ancestry]
  2662 | D:4      | Reached XP level 6. HP: 39/47 MP: 6/6
  2794 | D:4      | Reached skill level 6 in Maces & Flails
  3833 | D:5      | Gained mutation: When low on magic, you restore magic in
                  | place of health. [demonic ancestry]
  3833 | D:5      | Reached XP level 7. HP: 36/52 MP: 5/7
  3850 | D:5      | HP: 1/52 [iguana (6)]
  3859 | D:5      | Slain by a gnoll

Illustrated notes

Levels and vault maps discovered:
D:1:      minmay_arrival_radiant_lines, layout_loops_corners, st_stairs_9
D:2:      layout_rooms, ebering_ecumenical_altar_abandoned
D:3:      layout_loops_cross
D:4:      layout_rooms, minmay_temple_entry_stoned_glass, serial_shops, shop,
          nicolae_ossuary_entry_catacombs
D:5:      layout_cave_pools, nicolae_shop_i_like_big_books
Temple:   eino_temple_scatter_basement

Skill      XL: |  1  2  3  4  5  6 |
---------------+-------------------+-----
Maces & Flails | 2 3 4 5 6 |  6.8
Dodging        | 2 |  2.0
Fighting       | |  3.1
Armour         | |  0.4
Stealth        | |  4.5

Action                     |  1- 3 |  4- 6 |  7- 9 || total
---------------------------+-------+-------+-------++-------
  Melee: Mace              |   135 |   198 |     4 ||   337
         Punch             |     2 |     1 |       ||     3
         Kick              |       |    23 |     2 ||    25
Ability: Lunge             |     9 |    14 |       ||    23
         Whirlwind         |       |     3 |       ||     3
         Wall Jump         |       |       |     2 ||     2
    Use: Potion            |     1 |     4 |     1 ||     6
         Scroll            |     1 |     2 |     2 ||     5
   Stab: Sleeping          |     8 |     7 |       ||    15
         Invisible         |       |     3 |       ||     3
 Armour: Leather armour    |    87 |     8 |       ||    95
         Ring mail         |       |   117 |    15 ||   132
  Dodge: Dodged            |    79 |   176 |    10 ||   265
